 Dungeon Crawl Stone Soup version 0.23.1-37-gaa34b87b72 (webtiles) character file.

Game seed: 8585945430628770182

2344 Freyura the Basher (level 9, -2/75 HPs)
             Began as a Minotaur Fighter on Mar 22, 2019.
             Was an Initiate of Ru.
             Slain by a two-headed ogre
             ... wielding a +0 giant club
              (16 damage)
             ... on level 8 of the Dungeon.
             The game lasted 00:19:15 (6583 turns).

Freyura the Basher (Minotaur Fighter)               Turns: 6583, Time: 00:19:16

Health: -2/75      AC: 20    Str: 21      XL:     9   Next: 20%
Magic:  8/8        EV:  7    Int:  5      God:    Ru [......]
Gold:   450        SH: 11    Dex: 12 (13) Spells: 8/8 levels left

rFire    . . .     SeeInvis .   a - +1 flail
rCold    . . .     Gourm    .   c - +0 shield
rNeg     . . .     Faith    .   p - +0 chain mail
rPois    .         Spirit   .   (helmet restricted)
rElec    .         Reflect  .   o - +0 cloak
rCorr    .         Harm     .   r - +2 pair of gloves
MR       .....                  (no boots)
Stlth    ..........             (no amulet)
HPRegen  0.22/turn              l - +4 ring of protection
MPRegen  0.11/turn              (no ring)

@: no status effects
A: retaliatory headbutt, horns 2, thin metallic scales 1, deterioration 1, wild
magic 1
a: Renounce Religion


You were on level 8 of the Dungeon.
You worshipped Ru.
Ru was noncommittal.
You were not hungry.

You visited 2 branches of the dungeon, and saw 9 of its levels.

You collected 450 gold pieces.

Inventory:

Hand Weapons
 a - a +1 flail (weapon)
Armour
 c - a +0 shield (worn)
 o - a +0 cloak (worn)
 p - a +0 chain mail (worn)
 r - a +2 pair of gloves (worn)
Jewellery
 l - a +4 ring of protection (left hand)
Scrolls
 e - a scroll of identify
 g - 5 scrolls of remove curse
 j - a scroll of blinking
 q - 3 scrolls of magic mapping
 s - 2 scrolls of teleportation
Potions
 b - a potion of heal wounds
 d - a potion of might
 h - 4 potions of curing
 i - a potion of mutation
 k - a potion of resistance
 m - a potion of agility
 n - a potion of cancellation
 t - a potion of flight {unknown}
Comestibles
 f - 5 rations


   Skills:
 + Level 6.2 Fighting
 * Level 11.1 Maces & Flails
 + Level 6.5 Armour
 + Level 1.7 Dodging
 + Level 7.0 Shields


You had 8 spell levels left.
You didn't know any spells.
Your spell library contained the following spells:

 Spells                   Type           Power        Failure   Level  Hunger
 Flame Tongue             Conj/Fire      #....        100%        1    ##.....
 Throw Flame              Conj/Fire      #.....       100%        2    ###....
 Conjure Flame            Conj/Fire      #.......     100%        3    ####...
 Inner Flame              Hex/Fire       #.......     100%        3    ####...
 Sticky Flame             Conj/Fire      #.......     100%        4    #####..
 Fireball                 Conj/Fire      #.........   100%        5    ######.


Dungeon Overview and Level Annotations

Branches:
Dungeon (8/15)             Temple (1/1) D:7
   Lair: D:8-11

Altars:
Ashenzari
Cheibriados
Elyvilon
Fedhas
Gozag
Hepliaklqana
Kikubaaqudgha
Makhleb
Nemelex Xobeh
Okawaru
Qazlal
Ru
Sif Muna
Uskayaw
Vehumet
Wu Jian
Xom
Yredelemnul
Zin
The Shining One

Shops:
D:5 *


Innate Abilities, Weirdness & Mutations

You reflexively headbutt those who attack you in melee.
You have a pair of horns on your head.
You are partially covered in thin metallic scales. (AC +2)
Your body sometimes deteriorates upon taking damage.
Your spells are a little harder to cast, but a little more powerful.


Message History

You are too injured to fight recklessly!
You are too injured to fight recklessly!
You are too injured to fight recklessly!
You block the centaur zombie's attack.
You see here a howler monkey corpse.
The sky beast flickers out of sight!
Deactivating autopickup; reactivate with Ctrl-A.
The two-headed ogre closely misses you. You block the two-headed ogre's attack.
You hit the two-headed ogre.
The two-headed ogre is lightly wounded.
Your shield and chain mail prevent you from hitting the two-headed ogre.
The two-headed ogre is lightly wounded.
The two-headed ogre barely misses you.
The two-headed ogre hits you but does no damage.
You sock the two-headed ogre! You headbutt the two-headed ogre!
The two-headed ogre is heavily wounded.
The two-headed ogre hits you with a +0 giant club!
* * * LOW HITPOINT WARNING * * *
The two-headed ogre hits you with a +0 giant club!
You die...

.# .... .#...# .#..#
##...# #...# ##. #...#....
#Z#...... #.O.#.... ##@###
?.. #. # #†.O.# . #.##. #
#....# #.... #.... #....#
# ###.... #....###....# #.
##...... #...........##
#.##......#
#....###.....###[##......#
#....###.................#
#....#.........#.........#


You could see 2 two-headed ogres and a centaur zombie.

Vanquished Creatures
  A hornet (D:7)
  An orc warrior (D:7)
  An ice beast (D:7)
  3 phantoms
  A sky beast (D:5)
  3 centaurs
  Blork the orc (D:6)
  A bullfrog (D:7)
  2 scorpions
  2 howler monkeys (D:8)
  5 crimson imps
  A centaur zombie (D:7)
  3 hounds
  2 centaur skeletons
  3 orc priests
  5 orc wizards
  A bullfrog skeleton (D:4)
  2 iguanas (D:4)
  3 worker ants
  2 hound zombies
  A hound skeleton (D:5)
  4 gnolls (D:6)
  9 adders
  2 shadow imps (D:5)
  A white imp (D:5)
  2 adder zombies
  An adder skeleton (D:4)
  4 worms
  A dart slug (D:2)
  8 leopard geckos
  15 orcs
  A ball python (D:3)
  6 giant cockroaches
  7 hobgoblins
  4 jackals
  10 kobolds
  10 bats
  6 frilled lizards
  10 goblins
  A jackal zombie (D:7)
  8 rats
154 creatures vanquished.

Notes
Turn   | Place    | Note
-------+----------+-------------------------------------------
     0 | D:1      | Freyura the Minotaur Fighter began the quest for the Orb.
     0 | D:1      | Reached XP level 1. HP: 19/19 MP: 0/0
    72 | D:1      | Reached XP level 2. HP: 25/27 MP: 1/1
   383 | D:1      | Reached XP level 3. HP: 33/33 MP: 2/2
   818 | D:2      | Reached skill level 3 in Maces & Flails
   865 | D:2      | Reached XP level 4. HP: 31/41 MP: 3/3
  1531 | D:2      | Found an ornate altar of the Wu Jian Council.
  1982 | D:3      | Reached skill level 1 in Dodging
  1982 | D:3      | Reached XP level 5. HP: 47/47 MP: 4/4
  1991 | D:3      | Reached skill level 4 in Maces & Flails
  2122 | D:3      | You fall through a shaft for 2 floors!
  2122 | D:5      | Entered Level 5 of the Dungeon
  2697 | D:3      | Reached skill level 5 in Shields
  2810 | D:4      | Reached skill level 5 in Maces & Flails
  2810 | D:4      | Reached XP level 6. HP: 55/55 MP: 5/5
  3002 | D:4      | Reached skill level 5 in Fighting
  3165 | D:4      | Reached skill level 6 in Maces & Flails
  3865 | D:5      | Noticed a sky beast
  3889 | D:5      | Killed a sky beast
  3889 | D:5      | Reached skill level 5 in Armour
  3889 | D:5      | Reached XP level 7. HP: 46/61 MP: 6/6
  3914 | D:5      | Reached skill level 7 in Maces & Flails
  4395 | D:5      | Reached skill level 8 in Maces & Flails
  4562 | D:5      | Found Dyvvuaho's Assorted Antiques.
  4829 | D:5      | Reached XP level 8. HP: 69/69 MP: 7/7
  5121 | D:6      | You fall through a shaft!
  5121 | D:7      | Found a staircase to the Ecumenical Temple.
  5131 | Temple   | Entered the Ecumenical Temple
  5173 | Temple   | Became a worshipper of Ru the Awakened
  5343 | D:7      | Reached skill level 9 in Maces & Flails
  5698 | D:6      | Noticed Blork the orc
  5710 | D:6      | Killed Blork the orc
  5846 | D:6      | Found a deep blue altar of Sif Muna.
  6185 | D:7      | Noticed a hornet
  6193 | D:7      | Killed a hornet
  6193 | D:7      | Reached skill level 10 in Maces & Flails
  6285 | D:7      | Reached XP level 9. HP: 75/75 MP: 8/8
  6479 | D:7      | Gained mutation: Your body sometimes deteriorates upon
                  | taking damage. [potion of mutation]
  6479 | D:7      | Gained mutation: Your spells are a little harder to cast,
                  | but a little more powerful. [potion of mutation]
  6479 | D:7      | Gained mutation: You are partially covered in thin metallic
                  | scales. (AC +2) [potion of mutation]
  6481 | D:8      | Found a stormy altar of Qazlal.
  6545 | D:8      | Reached skill level 11 in Maces & Flails
  6567 | D:8      | Noticed a two-headed ogre
  6572 | D:8      | Noticed a two-headed ogre
  6583 | D:8      | Slain by a two-headed ogre

Skill      XL: |  1  2  3  4  5  6  7  8  9 |
---------------+----------------------------+-----
Shields        | 4 5 6 7 |  7.0
Fighting       | 4 5 6 |  6.2
Armour         | 4 5 6 |  6.5
Maces & Flails | 3 5 6 8 10 11 | 11.1
Dodging        | 1 |  1.7

Action                   |  1- 3 |  4- 6 |  7- 9 || total
-------------------------+-------+-------+-------++-------
Melee: Flail             |   100 |   197 |   246 ||   543
       Headbutt          |     8 |    30 |    51 ||    89
Invok: Reject Sacrifices |       |       |     1 ||     1
  Use: Scroll            |       |    12 |     6 ||    18
       Potion            |       |       |     1 ||     1
  Eat: Ration            |       |     3 |     2 ||     5
       Chunk             |       |       |     2 ||     2
Armor: Scale mail        |    46 |    24 |       ||    70
       Chain mail        |       |    73 |   145 ||   218
Dodge: Dodged            |    36 |    41 |    36 ||   113
Block: Shield            |    57 |    93 |   107 ||   257
